[ PARTIDA AOE2 · #495621766 ]
UnrankedTártaros vs Franks
Equipo del jugador · DERR
[ ANÁLISIS DE REPETICIÓN · EXTRAÍDO DE LA PARTIDA GRABADA ]
Feudal
9:17
Castillos
27:45
Imperial
47:32
| APM promedio | 40.0 |
| APM pico | 90 |
| eAPM promedio | 19.6 |
| Aldeanos / militares | 121 / 199 |
Foco
⚔️ 45.8% · 🌾 54.2%
Camel Scout ×57 · Scout Cavalry ×54 · Steppe Lancer ×36 · Knight ×33 · Keshik ×14 · Spearman ×5
Feudal
9:18
Castillos
23:16
Imperial
41:45
| APM promedio | 33.9 |
| APM pico | 74 |
| eAPM promedio | 15.9 |
| Aldeanos / militares | 132 / 166 |
Foco
⚔️ 26.4% · 🌾 73.6%
Knight ×144 · Scout Cavalry ×16 · Trebuchet (Packed) ×6
Feudal
9:12
Castillos
24:26
Imperial
42:47
| APM promedio | 84.3 |
| APM pico | 188 |
| eAPM promedio | 40.2 |
| Aldeanos / militares | 146 / 169 |
Foco
⚔️ 51.9% · 🌾 48.1%
Knight ×143 · Scout Cavalry ×21 · Spearman ×5
Feudal
10:33
Castillos
25:50
Imperial
45:55
| APM promedio | 47.2 |
| APM pico | 136 |
| eAPM promedio | 19.3 |
| Aldeanos / militares | 129 / 136 |
Foco
⚔️ 23.7% · 🌾 76.3%
Knight ×107 · Scout Cavalry ×21 · Monk ×4 · Battering Ram ×3 · Spearman ×1
Feudal
9:05
Castillos
23:39
Imperial
48:01
| APM promedio | 54.4 |
| APM pico | 86 |
| eAPM promedio | 29.6 |
| Aldeanos / militares | 175 / 182 |
Foco
⚔️ 41.4% · 🌾 58.6%
Archer ×99 · Rattan Archer ×83
Feudal
9:37
Castillos
—
Imperial
—
| APM promedio | 45.3 |
| APM pico | 79 |
| eAPM promedio | 19.9 |
| Aldeanos / militares | 104 / 98 |
Foco
⚔️ 40.6% · 🌾 59.4%
Archer ×92 · Militia ×5 · Spearman ×1
Feudal
8:55
Castillos
30:45
Imperial
—
| APM promedio | 54.4 |
| APM pico | 101 |
| eAPM promedio | 18.9 |
| Aldeanos / militares | 113 / 55 |
Foco
⚔️ 26.0% · 🌾 74.0%
Archer ×52 · Mangonel ×2 · Battering Ram ×1
Feudal
9:21
Castillos
29:43
Imperial
—
| APM promedio | 49.2 |
| APM pico | 130 |
| eAPM promedio | 17.9 |
| Aldeanos / militares | 76 / 99 |
Foco
⚔️ 27.6% · 🌾 72.4%
Archer ×99
Mapa de la partida
Recursos iniciales + cada clic de construcción. Líneas = muros · curvas = relieve. ◆ oro · ⬟ piedra · ● bayas · ✦ reliquia · ◌ hueco del cierre
Tu base· Abierta — hueco de 10t
Base de MA· ✓ Cerrada en 23:16 · 49t muro · 1 puerta(s)
Base de HIX | COLPO DI CANNONE· Abierta — hueco de 7t
Base de XERSVIRUS· Abierta — flanco sin cerrar
Base de [SotC] Frank Castle· Abierta — hueco de 1t
Base de AlDebaran· Abierta — flanco sin cerrar
Base de Tupac_Amaru· Abierta — flanco sin cerrar
Base de sgt peppers s· Abierta — hueco de 9t
Terreno inicial suavizado · ◌ = hueco del cierre detectado · pasá el cursor para detalles
Inputs por minuto
— HIX | Mark Anthony - - MA
Build order — HIX | Mark Anthony
Primeras 150 de 486 acciones detectadas
| 0:01 | Encolar | Villager (Male) |
| 0:02 | Encolar | Villager (Male) |
| 0:02 | Encolar | Villager (Male) |
| 0:02 | Encolar | Villager (Male) |
| 0:03 | Encolar | Villager (Male) |
| 0:03 | Encolar | Villager (Male) |
| 0:04 | Construir | House |
| 0:06 | Construir | House |
| 1:40 | Encolar | Villager (Male) |
| 1:40 | Encolar | Villager (Male) |
| 1:53 | Encolar | Villager (Male) |
| 1:54 | Encolar | Villager (Male) |
| 1:57 | Construir | Lumber Camp |
| 2:15 | Encolar | Villager (Male) |
| 2:15 | Encolar | Villager (Male) |
| 2:51 | Encolar | Villager (Male) |
| 2:51 | Encolar | Villager (Male) |
| 3:09 | Encolar | Villager (Male) |
| 3:09 | Encolar | Villager (Male) |
| 3:25 | Construir | House |
| 3:32 | Encolar | Villager (Male) |
| 3:56 | Encolar | Villager (Male) |
| 3:56 | Encolar | Villager (Male) |
| 4:20 | Encolar | Villager (Male) |
| 4:20 | Encolar | Villager (Male) |
| 4:20 | Encolar | Villager (Male) |
| 4:35 | Encolar | Villager (Male) |
| 4:35 | Encolar | Villager (Male) |
| 5:41 | Encolar | Villager (Male) |
| 5:42 | Encolar | Villager (Male) |
| 6:01 | Construir | Mill |
| 6:06 | Encolar | Villager (Male) |
| 6:07 | Investigar | Loom |
| 7:03 | Investigar | Feudal Age |
| 7:03 | Investigar | Feudal Age |
| 7:13 | Construir | Barracks |
| 8:05 | Construir | House |
| 8:59 | Encolar | Villager (Male) |
| 9:00 | Encolar | Villager (Male) |
| 9:17 | Edad | Edad Feudal |
| 9:27 | Construir | Stable |
| 9:30 | Investigar | Double-Bit Axe |
| 9:50 | Encolar | Villager (Male) |
| 9:51 | Encolar | Villager (Male) |
| 9:55 | Construir | House |
| 10:09 | Encolar | Scout Cavalry |
| 10:09 | Encolar | Scout Cavalry |
| 10:22 | Construir | Stable |
| 10:30 | Encolar | Villager (Male) |
| 11:29 | Encolar | Scout Cavalry |
| 11:30 | Encolar | Scout Cavalry |
| 11:30 | Encolar | Villager (Male) |
| 11:30 | Encolar | Villager (Male) |
| 11:35 | Construir | Farm |
| 11:36 | Construir | Farm |
| 11:40 | Construir | Farm |
| 11:44 | Construir | Farm |
| 12:08 | Encolar | Villager (Male) |
| 12:14 | Construir | House |
| 12:15 | Construir | House |
| 12:17 | Construir | Farm |
| 12:17 | Construir | Farm |
| 12:17 | Construir | Farm |
| 12:18 | Construir | Farm |
| 12:18 | Construir | Farm |
| 12:19 | Construir | Farm |
| 12:23 | Encolar | Villager (Male) |
| 12:55 | Construir | Blacksmith |
| 13:01 | Encolar | Scout Cavalry |
| 13:02 | Encolar | Scout Cavalry |
| 13:43 | Encolar | Scout Cavalry |
| 13:44 | Encolar | Villager (Male) |
| 14:13 | Investigar | Scale Barding Armor |
| 14:16 | Construir | House |
| 14:19 | Construir | House |
| 14:22 | Construir | House |
| 14:24 | Construir | House |
| 14:27 | Construir | Palisade Wall |
| 14:27 | Construir | Palisade Wall |
| 14:32 | Encolar | Villager (Male) |
| 14:32 | Encolar | Villager (Male) |
| 14:34 | Encolar | Spearman |
| 14:34 | Encolar | Spearman |
| 14:36 | Construir | Farm |
| 15:08 | Encolar | Villager (Male) |
| 15:39 | Encolar | Villager (Male) |
| 15:42 | Construir | Farm |
| 15:43 | Construir | Farm |
| 15:43 | Construir | Farm |
| 15:43 | Construir | Farm |
| 15:44 | Construir | Farm |
| 15:44 | Construir | Farm |
| 15:44 | Construir | Farm |
| 16:15 | Investigar | Forging |
| 16:15 | Encolar | Villager (Male) |
| 16:16 | Encolar | Villager (Male) |
| 16:16 | Encolar | Villager (Male) |
| 16:47 | Encolar | Spearman |
| 16:50 | Construir | House |
| 16:53 | Encolar | Villager (Male) |
| 17:01 | Construir | Mining Camp |
| 17:08 | Encolar | Spearman |
| 17:23 | Construir | Farm |
| 17:24 | Construir | Farm |
| 17:26 | Construir | Farm |
| 17:36 | Encolar | Villager (Male) |
| 18:01 | Construir | Farm |
| 18:01 | Construir | Farm |
| 18:03 | Encolar | Villager (Male) |
| 18:04 | Encolar | Villager (Male) |
| 18:26 | Construir | Farm |
| 18:36 | Investigar | Bloodlines |
| 18:41 | Construir | Farm |
| 19:14 | Construir | Farm |
| 19:15 | Encolar | Spearman |
| 19:16 | Encolar | Villager (Male) |
| 19:18 | Encolar | Villager (Male) |
| 19:18 | Encolar | Villager (Male) |
| 19:55 | Encolar | Scout Cavalry |
| 19:55 | Encolar | Scout Cavalry |
| 20:16 | Encolar | Villager (Male) |
| 20:16 | Encolar | Scout Cavalry |
| 20:16 | Encolar | Scout Cavalry |
| 20:17 | Encolar | Scout Cavalry |
| 20:18 | Encolar | Scout Cavalry |
| 20:47 | Construir | House |
| 20:48 | Construir | House |
| 21:00 | Encolar | Villager (Male) |
| 21:00 | Encolar | Villager (Male) |
| 21:00 | Investigar | Wheelbarrow |
| 21:06 | Construir | Palisade Wall |
| 21:10 | Construir | Lumber Camp |
| 21:28 | Encolar | Scout Cavalry |
| 21:28 | Encolar | Scout Cavalry |
| 21:29 | Encolar | Scout Cavalry |
| 21:38 | Encolar | Scout Cavalry |
| 21:38 | Encolar | Scout Cavalry |
| 21:42 | Construir | Farm |
| 21:42 | Construir | Farm |
| 23:00 | Encolar | Villager (Male) |
| 23:01 | Encolar | Villager (Male) |
| 23:01 | Investigar | Wheelbarrow |
| 23:03 | Construir | Market |
| 24:13 | Investigar | Castle Age |
| 24:13 | Investigar | Castle Age |
| 24:31 | Investigar | Gold Mining |
| 24:57 | Construir | Stable |
| 25:11 | Construir | Farm |
| 25:12 | Construir | Farm |
| 25:13 | Construir | Farm |
Build order — MA
Primeras 150 de 349 acciones detectadas
| 0:01 | Encolar | Villager (Male) |
| 0:01 | Encolar | Villager (Male) |
| 0:01 | Encolar | Villager (Male) |
| 0:02 | Encolar | Villager (Male) |
| 0:03 | Construir | House |
| 0:05 | Construir | House |
| 1:24 | Encolar | Villager (Male) |
| 1:24 | Encolar | Villager (Male) |
| 1:46 | Construir | Lumber Camp |
| 2:03 | Encolar | Villager (Male) |
| 2:03 | Encolar | Villager (Male) |
| 2:15 | Encolar | Villager (Male) |
| 2:58 | Encolar | Villager (Male) |
| 3:13 | Encolar | Villager (Male) |
| 3:36 | Construir | House |
| 3:38 | Construir | House |
| 3:46 | Encolar | Villager (Male) |
| 3:46 | Encolar | Villager (Male) |
| 4:28 | Encolar | Villager (Male) |
| 4:53 | Construir | Mill |
| 5:01 | Encolar | Villager (Male) |
| 5:17 | Encolar | Villager (Male) |
| 5:50 | Encolar | Villager (Male) |
| 5:52 | Encolar | Villager (Male) |
| 5:53 | Investigar | Loom |
| 7:02 | Investigar | Feudal Age |
| 7:15 | Encolar | Villager (Male) |
| 7:15 | Encolar | Villager (Male) |
| 7:42 | Construir | Barracks |
| 8:01 | Construir | House |
| 9:10 | Construir | House |
| 9:18 | Edad | Edad Feudal |
| 9:20 | Construir | Stable |
| 9:22 | Investigar | Double-Bit Axe |
| 9:35 | Construir | House |
| 10:07 | Encolar | Villager (Male) |
| 10:09 | Encolar | Scout Cavalry |
| 10:09 | Encolar | Scout Cavalry |
| 10:32 | Encolar | Villager (Male) |
| 10:38 | Construir | House |
| 10:42 | Construir | Palisade Wall |
| 10:54 | Encolar | Scout Cavalry |
| 10:55 | Encolar | Villager (Male) |
| 10:58 | Construir | Farm |
| 11:01 | Construir | Farm |
| 11:04 | Construir | Farm |
| 11:07 | Construir | Farm |
| 11:09 | Construir | Farm |
| 11:11 | Encolar | Villager (Male) |
| 11:13 | Encolar | Scout Cavalry |
| 11:21 | Construir | House |
| 11:24 | Construir | Palisade Wall |
| 11:35 | Encolar | Villager (Male) |
| 11:36 | Encolar | Scout Cavalry |
| 11:42 | Construir | Farm |
| 11:51 | Encolar | Scout Cavalry |
| 11:52 | Encolar | Villager (Male) |
| 12:15 | Construir | Farm |
| 12:20 | Construir | Palisade Wall |
| 12:22 | Construir | Palisade Gate |
| 12:25 | Encolar | Villager (Male) |
| 12:41 | Encolar | Scout Cavalry |
| 12:42 | Encolar | Villager (Male) |
| 12:45 | Construir | Farm |
| 12:48 | Construir | Farm |
| 13:06 | Encolar | Villager (Male) |
| 13:10 | Construir | Farm |
| 13:29 | Construir | Farm |
| 13:50 | Encolar | Scout Cavalry ×3 |
| 13:50 | Encolar | Villager (Male) |
| 13:54 | Construir | Farm |
| 13:57 | Construir | Farm |
| 14:07 | Encolar | Villager (Male) |
| 14:10 | Construir | House |
| 14:14 | Construir | Palisade Wall |
| 14:27 | Encolar | Villager (Male) |
| 14:32 | Construir | Farm |
| 15:02 | Encolar | Villager (Male) |
| 15:03 | Encolar | Scout Cavalry |
| 15:19 | Construir | Mining Camp |
| 15:21 | Encolar | Villager (Male) |
| 15:28 | Construir | Blacksmith |
| 15:34 | Encolar | Scout Cavalry ×3 |
| 15:37 | Encolar | Villager (Male) |
| 15:58 | Construir | House |
| 16:00 | Encolar | Villager (Male) |
| 16:28 | Investigar | Scale Barding Armor |
| 16:43 | Construir | Farm |
| 16:44 | Construir | Farm |
| 16:45 | Construir | Farm |
| 16:46 | Construir | Farm |
| 16:49 | Encolar | Villager (Male) |
| 16:54 | Investigar | Forging |
| 17:03 | Encolar | Villager (Male) |
| 17:06 | Construir | Farm |
| 17:10 | Construir | Farm |
| 17:36 | Construir | Farm |
| 17:43 | Investigar | Wheelbarrow |
| 18:06 | Construir | Farm |
| 18:11 | Construir | Farm |
| 18:34 | Encolar | Villager (Male) |
| 18:35 | Encolar | Villager (Male) |
| 19:04 | Encolar | Scout Cavalry |
| 19:04 | Encolar | Scout Cavalry |
| 20:11 | Encolar | Villager (Male) |
| 20:18 | Construir | Farm |
| 20:24 | Construir | Stable |
| 20:27 | Investigar | Castle Age |
| 20:45 | Construir | Stable |
| 21:16 | Construir | House |
| 21:18 | Construir | House |
| 21:36 | Investigar | Gold Mining |
| 21:58 | Encolar | Villager (Male) |
| 21:58 | Encolar | Villager (Male) |
| 23:16 | Edad | Edad de los Castillos |
| 23:18 | Investigar | Husbandry |
| 23:19 | Investigar | Chain Barding Armor |
| 23:20 | Investigar | Iron Casting |
| 23:22 | Encolar | Knight ×5 |
| 23:22 | Encolar | Knight ×5 |
| 24:18 | Investigar | Hand Cart |
| 24:21 | Encolar | Villager (Male) |
| 24:21 | Encolar | Villager (Male) |
| 24:35 | Encolar | Knight ×3 |
| 24:37 | Encolar | Villager (Male) |
| 24:45 | Construir | Lumber Camp |
| 24:47 | Encolar | Villager (Male) |
| 25:00 | Encolar | Knight ×3 |
| 25:40 | Encolar | Knight |
| 25:41 | Encolar | Villager (Male) |
| 25:42 | Encolar | Villager (Male) |
| 25:42 | Encolar | Villager (Male) |
| 25:42 | Encolar | Villager (Male) |
| 26:05 | Investigar | Bow Saw |
| 26:07 | Encolar | Knight ×2 |
| 26:24 | Encolar | Villager (Male) |
| 26:25 | Encolar | Villager (Male) |
| 26:25 | Encolar | Villager (Male) |
| 27:14 | Construir | Farm |
| 27:15 | Construir | Farm |
| 27:19 | Encolar | Knight ×3 |
| 27:23 | Investigar | Gold Shaft Mining |
| 27:33 | Encolar | Knight |
| 27:36 | Construir | Farm |
| 27:42 | Encolar | Villager (Male) |
| 27:50 | Encolar | Knight ×2 |
| 28:30 | Encolar | Knight ×2 |
| 28:31 | Encolar | Villager (Male) |
| 28:32 | Encolar | Villager (Male) |
| 28:32 | Encolar | Villager (Male) |
Build order — HIX | COLPO DI CANNONE
Primeras 150 de 473 acciones detectadas
| 0:08 | Encolar | Villager (Male) ×4 |
| 0:09 | Construir | House |
| 0:10 | Construir | House |
| 1:21 | Encolar | Villager (Male) |
| 1:21 | Encolar | Villager (Male) |
| 1:47 | Encolar | Villager (Male) |
| 1:47 | Encolar | Villager (Male) |
| 2:09 | Construir | Lumber Camp |
| 2:20 | Encolar | Villager (Male) |
| 2:20 | Encolar | Villager (Male) |
| 2:43 | Construir | House |
| 2:48 | Encolar | Villager (Male) |
| 2:49 | Encolar | Villager (Male) |
| 3:07 | Encolar | Villager (Male) |
| 3:07 | Encolar | Villager (Male) |
| 3:35 | Encolar | Villager (Male) |
| 3:35 | Encolar | Villager (Male) |
| 4:06 | Encolar | Villager (Male) |
| 4:17 | Encolar | Villager (Male) |
| 4:18 | Encolar | Villager (Male) |
| 4:45 | Encolar | Villager (Male) |
| 4:45 | Encolar | Villager (Male) |
| 4:50 | Construir | Mill |
| 5:02 | Encolar | Villager (Male) |
| 6:16 | Construir | House |
| 6:25 | Construir | House |
| 6:37 | Investigar | Loom |
| 6:54 | Investigar | Feudal Age |
| 7:40 | Construir | Barracks |
| 7:41 | Construir | House |
| 8:11 | Encolar | Villager (Male) |
| 9:12 | Edad | Edad Feudal |
| 9:15 | Construir | Stable |
| 9:18 | Investigar | Double-Bit Axe |
| 9:28 | Encolar | Villager (Male) |
| 9:38 | Construir | House |
| 9:40 | Construir | House |
| 9:43 | Construir | Palisade Wall |
| 9:50 | Encolar | Scout Cavalry |
| 9:50 | Encolar | Scout Cavalry |
| 9:55 | Encolar | Villager (Male) |
| 10:10 | Encolar | Villager (Male) |
| 10:35 | Construir | Farm |
| 10:39 | Construir | Farm |
| 10:41 | Construir | Farm |
| 10:43 | Encolar | Villager (Male) |
| 11:01 | Encolar | Scout Cavalry |
| 11:03 | Encolar | Villager (Male) |
| 11:11 | Construir | Farm |
| 11:12 | Construir | Farm |
| 11:16 | Construir | Farm |
| 11:19 | Construir | House |
| 11:29 | Encolar | Villager (Male) |
| 11:57 | Encolar | Villager (Male) |
| 12:01 | Construir | Farm |
| 12:02 | Construir | Farm |
| 12:07 | Encolar | Scout Cavalry |
| 12:07 | Encolar | Scout Cavalry |
| 12:15 | Construir | Farm |
| 12:31 | Encolar | Scout Cavalry |
| 12:39 | Construir | Palisade Wall |
| 12:44 | Encolar | Villager (Male) |
| 12:44 | Encolar | Villager (Male) |
| 12:45 | Construir | Farm |
| 12:47 | Construir | Farm |
| 13:10 | Construir | Farm |
| 13:13 | Construir | Farm |
| 13:15 | Construir | Farm |
| 13:15 | Encolar | Villager (Male) |
| 13:32 | Encolar | Scout Cavalry |
| 13:51 | Encolar | Scout Cavalry |
| 13:52 | Encolar | Villager (Male) |
| 13:52 | Encolar | Villager (Male) |
| 14:02 | Construir | Farm |
| 14:07 | Construir | Farm |
| 14:14 | Encolar | Scout Cavalry |
| 14:16 | Encolar | Villager (Male) |
| 14:35 | Encolar | Scout Cavalry |
| 14:48 | Encolar | Villager (Male) |
| 14:50 | Construir | Blacksmith |
| 15:27 | Encolar | Villager (Male) |
| 15:32 | Encolar | Spearman |
| 15:32 | Encolar | Spearman |
| 15:49 | Encolar | Villager (Male) |
| 15:49 | Encolar | Villager (Male) |
| 15:55 | Construir | Lumber Camp |
| 15:58 | Construir | House |
| 15:59 | Construir | House |
| 16:00 | Construir | Farm |
| 16:23 | Encolar | Villager (Male) |
| 16:23 | Encolar | Villager (Male) |
| 16:46 | Encolar | Villager (Male) |
| 16:46 | Encolar | Villager (Male) |
| 16:50 | Construir | Palisade Gate |
| 16:51 | Construir | Palisade Wall |
| 16:53 | Construir | Palisade Wall |
| 16:55 | Construir | Farm |
| 17:05 | Construir | Farm |
| 17:21 | Encolar | Villager (Male) |
| 17:22 | Construir | Palisade Wall |
| 17:29 | Encolar | Scout Cavalry |
| 17:29 | Encolar | Scout Cavalry |
| 17:43 | Construir | Farm |
| 17:54 | Investigar | Scale Barding Armor |
| 17:55 | Investigar | Scale Barding Armor |
| 18:00 | Construir | Palisade Wall |
| 18:03 | Construir | House |
| 18:04 | Construir | House |
| 18:04 | Construir | House |
| 18:07 | Construir | Palisade Wall |
| 18:10 | Construir | Palisade Wall |
| 18:11 | Construir | Palisade Wall |
| 18:16 | Encolar | Scout Cavalry |
| 18:28 | Encolar | Villager (Male) |
| 18:28 | Encolar | Villager (Male) |
| 18:31 | Construir | Mining Camp |
| 18:40 | Construir | House |
| 18:56 | Investigar | Forging |
| 19:09 | Encolar | Villager (Male) |
| 19:20 | Encolar | Scout Cavalry |
| 19:20 | Encolar | Scout Cavalry |
| 19:28 | Encolar | Villager (Male) |
| 19:31 | Construir | Market |
| 19:46 | Encolar | Villager (Male) |
| 20:51 | Construir | Farm |
| 20:56 | Encolar | Villager (Male) |
| 20:56 | Encolar | Villager (Male) |
| 21:27 | Investigar | Castle Age |
| 21:37 | Construir | Stable |
| 22:00 | Investigar | Gold Mining |
| 22:02 | Encolar | Scout Cavalry |
| 22:10 | Encolar | Scout Cavalry |
| 22:22 | Encolar | Scout Cavalry |
| 22:44 | Encolar | Scout Cavalry |
| 22:44 | Encolar | Scout Cavalry |
| 23:34 | Encolar | Spearman |
| 23:34 | Encolar | Spearman |
| 23:34 | Encolar | Spearman |
| 23:39 | Encolar | Scout Cavalry |
| 23:51 | Construir | House |
| 23:54 | Construir | House |
| 23:57 | Construir | Palisade Wall |
| 24:03 | Encolar | Villager (Male) |
| 24:03 | Encolar | Villager (Male) |
| 24:26 | Edad | Edad de los Castillos |
| 24:30 | Investigar | Light Cavalry (upgrade) |
| 24:30 | Investigar | Light Cavalry (upgrade) |
| 24:41 | Encolar | Villager (Male) |
| 25:04 | Encolar | Villager (Male) |
| 25:19 | Encolar | Villager (Male) |
Build order — XERSVIRUS
Primeras 150 de 438 acciones detectadas
| 0:03 | Encolar | Villager (Male) |
| 0:03 | Encolar | Villager (Male) |
| 0:04 | Construir | House |
| 0:05 | Construir | House |
| 0:39 | Encolar | Villager (Male) |
| 0:40 | Encolar | Villager (Male) |
| 0:40 | Encolar | Villager (Male) |
| 1:51 | Encolar | Villager (Male) |
| 1:51 | Encolar | Villager (Male) |
| 1:54 | Construir | Lumber Camp |
| 2:10 | Encolar | Villager (Male) |
| 2:28 | Encolar | Villager (Male) |
| 2:50 | Encolar | Villager (Male) |
| 3:12 | Encolar | Villager (Male) |
| 3:49 | Construir | House |
| 3:59 | Construir | House |
| 4:02 | Construir | Palisade Wall |
| 4:07 | Construir | Palisade Wall |
| 4:09 | Construir | Palisade Wall |
| 4:11 | Encolar | Villager (Male) |
| 4:16 | Encolar | Villager (Male) |
| 4:44 | Construir | Mill |
| 4:58 | Encolar | Villager (Male) |
| 4:58 | Encolar | Villager (Male) |
| 4:59 | Encolar | Villager (Male) |
| 5:31 | Construir | Farm |
| 5:46 | Construir | Farm |
| 5:53 | Encolar | Villager (Male) |
| 5:53 | Encolar | Villager (Male) |
| 5:54 | Encolar | Villager (Male) |
| 6:27 | Construir | Farm |
| 6:32 | Encolar | Villager (Male) |
| 6:57 | Construir | House |
| 7:02 | Investigar | Loom |
| 7:26 | Encolar | Villager (Male) |
| 7:27 | Encolar | Villager (Male) |
| 7:47 | Construir | Farm |
| 8:23 | Investigar | Feudal Age |
| 8:43 | Construir | Palisade Wall |
| 9:46 | Construir | Barracks |
| 10:33 | Edad | Edad Feudal |
| 10:40 | Construir | Stable |
| 10:43 | Encolar | Spearman |
| 10:45 | Encolar | Villager (Male) |
| 10:46 | Encolar | Villager (Male) |
| 10:48 | Investigar | Double-Bit Axe |
| 10:57 | Investigar | Horse Collar |
| 11:16 | Construir | House |
| 11:31 | Encolar | Scout Cavalry |
| 11:35 | Construir | House |
| 11:52 | Construir | Farm |
| 11:53 | Encolar | Villager (Male) |
| 11:54 | Encolar | Villager (Male) |
| 11:55 | Encolar | Scout Cavalry |
| 11:55 | Encolar | Scout Cavalry |
| 12:17 | Construir | House |
| 12:21 | Construir | Palisade Wall |
| 12:26 | Encolar | Villager (Male) |
| 12:35 | Encolar | Scout Cavalry |
| 12:45 | Construir | Stable |
| 13:01 | Encolar | Villager (Male) |
| 13:01 | Encolar | Villager (Male) |
| 13:11 | Construir | Farm |
| 13:28 | Encolar | Scout Cavalry |
| 13:28 | Encolar | Scout Cavalry |
| 13:33 | Construir | House |
| 13:37 | Encolar | Villager (Male) |
| 13:42 | Encolar | Villager (Male) |
| 13:44 | Encolar | Scout Cavalry |
| 13:44 | Encolar | Scout Cavalry |
| 13:52 | Construir | Blacksmith |
| 13:59 | Construir | Palisade Wall |
| 14:01 | Construir | Palisade Wall |
| 14:16 | Encolar | Villager (Male) |
| 14:24 | Construir | Farm |
| 14:33 | Construir | Farm |
| 14:42 | Investigar | Scale Barding Armor |
| 15:35 | Encolar | Villager (Male) |
| 15:39 | Construir | Farm |
| 15:40 | Construir | Farm |
| 15:43 | Encolar | Villager (Male) |
| 15:53 | Construir | House |
| 15:55 | Construir | House |
| 16:00 | Construir | Palisade Wall |
| 16:02 | Construir | Palisade Wall |
| 16:56 | Encolar | Scout Cavalry |
| 16:56 | Encolar | Scout Cavalry |
| 16:57 | Encolar | Villager (Male) |
| 16:57 | Encolar | Villager (Male) |
| 16:58 | Encolar | Villager (Male) |
| 17:00 | Construir | Mining Camp |
| 18:13 | Encolar | Scout Cavalry |
| 18:13 | Encolar | Scout Cavalry |
| 18:15 | Construir | Farm |
| 18:16 | Construir | Farm |
| 18:16 | Construir | Farm |
| 18:16 | Construir | Farm |
| 18:16 | Construir | Farm |
| 18:17 | Construir | Farm |
| 18:17 | Construir | Farm |
| 18:17 | Construir | Farm |
| 18:17 | Construir | Farm |
| 18:45 | Encolar | Scout Cavalry |
| 18:50 | Encolar | Scout Cavalry |
| 18:50 | Encolar | Scout Cavalry |
| 18:53 | Encolar | Scout Cavalry |
| 18:53 | Encolar | Scout Cavalry |
| 19:03 | Encolar | Villager (Male) |
| 19:03 | Encolar | Villager (Male) |
| 19:05 | Construir | Farm |
| 19:10 | Construir | Farm |
| 19:12 | Construir | Farm |
| 19:45 | Encolar | Scout Cavalry |
| 19:45 | Encolar | Scout Cavalry |
| 19:46 | Encolar | Scout Cavalry |
| 19:46 | Encolar | Scout Cavalry |
| 20:53 | Construir | Lumber Camp |
| 20:58 | Construir | House |
| 21:00 | Construir | House |
| 21:08 | Investigar | Wheelbarrow |
| 22:07 | Construir | House |
| 23:10 | Investigar | Castle Age |
| 24:10 | Investigar | Gold Mining |
| 24:22 | Construir | Stable |
| 25:09 | Encolar | Villager (Male) |
| 25:09 | Encolar | Villager (Male) |
| 25:16 | Construir | House |
| 25:17 | Construir | House |
| 25:50 | Edad | Edad de los Castillos |
| 25:53 | Encolar | Knight |
| 25:53 | Encolar | Knight |
| 25:53 | Encolar | Knight |
| 25:53 | Encolar | Knight |
| 25:53 | Encolar | Knight |
| 25:54 | Encolar | Knight |
| 25:54 | Encolar | Knight |
| 25:54 | Encolar | Knight |
| 25:57 | Investigar | Chain Barding Armor |
| 26:00 | Construir | Farm |
| 26:11 | Construir | Town Center |
| 26:19 | Investigar | Bow Saw |
| 26:26 | Encolar | Knight |
| 26:26 | Encolar | Knight |
| 26:26 | Encolar | Knight |
| 26:26 | Encolar | Knight |
| 26:43 | Construir | Town Center |
| 26:51 | Encolar | Knight |
| 26:51 | Encolar | Knight |
| 26:52 | Encolar | Knight |
| 26:57 | Encolar | Villager (Male) |
Build order — [SotC] Frank Castle
Primeras 150 de 521 acciones detectadas
| 0:02 | Construir | House |
| 0:03 | Construir | House |
| 0:07 | Encolar | Villager (Male) |
| 0:11 | Encolar | Villager (Male) |
| 0:11 | Encolar | Villager (Male) |
| 0:18 | Encolar | Villager (Male) |
| 1:34 | Encolar | Villager (Male) |
| 2:08 | Encolar | Villager (Male) |
| 2:08 | Encolar | Villager (Male) |
| 2:29 | Encolar | Villager (Male) |
| 2:40 | Encolar | Villager (Male) |
| 2:40 | Encolar | Villager (Male) |
| 3:30 | Encolar | Villager (Male) |
| 3:35 | Encolar | Villager (Male) |
| 3:35 | Encolar | Villager (Male) |
| 3:35 | Encolar | Villager (Male) |
| 3:40 | Construir | House |
| 4:00 | Encolar | Villager (Male) |
| 4:00 | Encolar | Villager (Male) |
| 5:09 | Construir | Lumber Camp |
| 5:15 | Encolar | Villager (Male) |
| 5:16 | Encolar | Villager (Male) |
| 5:17 | Encolar | Villager (Male) |
| 5:42 | Investigar | Loom |
| 5:45 | Construir | Mining Camp |
| 6:53 | Investigar | Feudal Age |
| 7:36 | Construir | Barracks |
| 7:38 | Construir | House |
| 8:05 | Encolar | Villager (Male) |
| 8:06 | Encolar | Villager (Male) |
| 8:11 | Construir | Palisade Wall |
| 8:23 | Encolar | Villager (Male) |
| 8:30 | Encolar | Villager (Male) |
| 8:32 | Construir | Palisade Wall |
| 9:05 | Edad | Edad Feudal |
| 9:12 | Construir | Archery Range |
| 9:18 | Construir | House |
| 9:29 | Construir | Palisade Wall |
| 9:36 | Construir | Archery Range |
| 9:52 | Construir | House |
| 10:01 | Encolar | Villager (Male) |
| 10:13 | Encolar | Archer |
| 10:18 | Construir | Blacksmith |
| 10:26 | Encolar | Archer |
| 10:35 | Encolar | Archer |
| 10:36 | Encolar | Villager (Male) |
| 10:41 | Construir | Palisade Wall |
| 10:42 | Encolar | Archer |
| 10:42 | Encolar | Archer |
| 10:48 | Encolar | Villager (Male) |
| 10:56 | Construir | House |
| 10:57 | Construir | House |
| 11:10 | Encolar | Archer |
| 11:10 | Encolar | Archer |
| 11:33 | Encolar | Archer |
| 11:33 | Encolar | Archer |
| 11:47 | Construir | Mill |
| 11:55 | Encolar | Villager (Male) |
| 11:57 | Encolar | Archer |
| 11:57 | Encolar | Archer |
| 12:21 | Investigar | Fletching |
| 12:21 | Investigar | Fletching |
| 12:38 | Encolar | Villager (Male) |
| 12:46 | Construir | Farm |
| 12:48 | Construir | Farm |
| 12:54 | Encolar | Archer |
| 12:54 | Encolar | Archer |
| 13:05 | Encolar | Villager (Male) |
| 13:18 | Encolar | Villager (Male) |
| 13:20 | Construir | Farm |
| 13:23 | Encolar | Archer |
| 13:23 | Encolar | Archer |
| 13:41 | Encolar | Archer |
| 13:50 | Encolar | Villager (Male) |
| 13:52 | Encolar | Archer |
| 13:53 | Construir | House |
| 13:54 | Construir | House |
| 13:54 | Construir | House |
| 14:11 | Encolar | Archer |
| 14:11 | Encolar | Archer |
| 14:20 | Construir | Farm |
| 14:26 | Investigar | Town Watch |
| 14:29 | Encolar | Archer |
| 14:41 | Encolar | Archer |
| 14:58 | Construir | House |
| 14:59 | Construir | House |
| 15:04 | Construir | House |
| 15:06 | Construir | House |
| 15:13 | Construir | Farm |
| 15:15 | Encolar | Archer |
| 15:21 | Encolar | Villager (Male) |
| 15:21 | Encolar | Archer |
| 15:32 | Investigar | Padded Archer Armor |
| 15:35 | Encolar | Villager (Male) |
| 15:36 | Encolar | Archer |
| 15:36 | Encolar | Archer |
| 15:38 | Encolar | Villager (Male) |
| 15:45 | Encolar | Archer |
| 15:52 | Construir | House |
| 15:53 | Construir | House |
| 15:54 | Construir | House |
| 16:12 | Construir | Farm |
| 16:16 | Construir | Farm |
| 16:20 | Construir | Farm |
| 16:30 | Construir | House |
| 16:36 | Encolar | Villager (Male) |
| 16:36 | Encolar | Archer |
| 16:50 | Encolar | Villager (Male) |
| 16:58 | Construir | Farm |
| 16:59 | Encolar | Archer |
| 17:02 | Investigar | Double-Bit Axe |
| 17:03 | Investigar | Double-Bit Axe |
| 17:08 | Encolar | Villager (Male) |
| 17:09 | Encolar | Archer |
| 17:10 | Encolar | Archer |
| 17:14 | Encolar | Archer |
| 17:14 | Encolar | Archer |
| 17:34 | Construir | Farm |
| 17:37 | Encolar | Archer |
| 17:46 | Encolar | Villager (Male) |
| 17:52 | Construir | Farm |
| 18:06 | Construir | Farm |
| 18:11 | Construir | Palisade Wall |
| 18:20 | Encolar | Archer |
| 18:29 | Encolar | Villager (Male) |
| 18:34 | Encolar | Archer |
| 18:36 | Encolar | Archer |
| 18:49 | Construir | Farm |
| 18:50 | Encolar | Villager (Male) |
| 19:09 | Construir | Farm |
| 19:10 | Encolar | Archer |
| 19:13 | Encolar | Villager (Male) |
| 19:22 | Encolar | Villager (Male) |
| 19:22 | Encolar | Archer |
| 19:31 | Encolar | Archer |
| 19:37 | Construir | Farm |
| 19:51 | Encolar | Villager (Male) |
| 19:52 | Encolar | Archer |
| 19:53 | Encolar | Archer |
| 20:04 | Construir | Farm |
| 20:19 | Construir | Farm |
| 20:32 | Encolar | Archer |
| 20:33 | Encolar | Villager (Male) |
| 20:52 | Investigar | Castle Age |
| 20:58 | Construir | Palisade Gate |
| 20:59 | Construir | Palisade Wall |
| 21:00 | Construir | Palisade Wall |
| 21:00 | Construir | Palisade Wall |
| 21:00 | Construir | Palisade Wall |
| 21:07 | Encolar | Archer |
Build order — AlDebaran
Primeras 150 de 286 acciones detectadas
| 0:02 | Encolar | Villager (Male) |
| 0:02 | Encolar | Villager (Male) |
| 0:03 | Construir | House |
| 0:05 | Construir | House |
| 0:08 | Encolar | Villager (Male) |
| 0:08 | Encolar | Villager (Male) |
| 0:09 | Encolar | Villager (Male) |
| 1:34 | Encolar | Villager (Male) |
| 2:13 | Construir | Lumber Camp |
| 2:18 | Encolar | Villager (Male) |
| 2:19 | Encolar | Villager (Male) |
| 2:19 | Encolar | Villager (Male) |
| 2:29 | Encolar | Villager (Male) |
| 3:12 | Encolar | Villager (Male) |
| 3:16 | Construir | House |
| 3:27 | Encolar | Villager (Male) |
| 4:13 | Construir | Mill |
| 4:29 | Encolar | Villager (Male) |
| 4:29 | Encolar | Villager (Male) |
| 4:57 | Encolar | Villager (Male) |
| 5:27 | Encolar | Villager (Male) |
| 5:28 | Encolar | Villager (Male) |
| 5:48 | Construir | House |
| 6:31 | Encolar | Villager (Male) |
| 6:32 | Encolar | Villager (Male) |
| 6:40 | Investigar | Loom |
| 7:15 | Construir | Barracks |
| 7:27 | Investigar | Feudal Age |
| 7:27 | Investigar | Feudal Age |
| 7:57 | Construir | Mining Camp |
| 8:08 | Encolar | Militia |
| 8:08 | Encolar | Militia |
| 8:09 | Encolar | Militia |
| 8:14 | Construir | House |
| 8:15 | Construir | Palisade Wall |
| 8:55 | Encolar | Militia |
| 8:55 | Encolar | Militia |
| 9:20 | Encolar | Villager (Male) |
| 9:23 | Construir | Palisade Wall |
| 9:25 | Construir | Palisade Wall |
| 9:27 | Construir | Palisade Wall |
| 9:28 | Construir | Palisade Wall |
| 9:37 | Edad | Edad Feudal |
| 9:53 | Construir | Archery Range |
| 10:14 | Encolar | Villager (Male) |
| 10:29 | Investigar | Man-at-Arms (upgrade) |
| 10:35 | Encolar | Villager (Male) |
| 10:47 | Construir | House |
| 11:18 | Encolar | Archer |
| 11:18 | Encolar | Archer |
| 11:29 | Encolar | Villager (Male) |
| 11:30 | Encolar | Villager (Male) |
| 11:45 | Encolar | Archer |
| 11:49 | Construir | Archery Range |
| 11:51 | Construir | Blacksmith |
| 12:11 | Encolar | Spearman |
| 12:33 | Construir | Palisade Wall |
| 12:46 | Encolar | Archer |
| 12:58 | Encolar | Villager (Male) |
| 12:58 | Encolar | Villager (Male) |
| 13:11 | Construir | House |
| 13:13 | Construir | House |
| 13:15 | Encolar | Archer |
| 13:24 | Construir | House |
| 13:36 | Encolar | Villager (Male) |
| 13:54 | Encolar | Villager (Male) |
| 13:54 | Encolar | Villager (Male) |
| 14:03 | Encolar | Archer |
| 14:04 | Encolar | Archer |
| 14:17 | Construir | Lumber Camp |
| 14:23 | Construir | Watch Tower |
| 15:21 | Encolar | Villager (Male) |
| 15:22 | Encolar | Villager (Male) |
| 15:22 | Encolar | Villager (Male) |
| 16:03 | Encolar | Villager (Male) |
| 16:04 | Encolar | Villager (Male) |
| 16:27 | Encolar | Villager (Male) |
| 16:28 | Encolar | Villager (Male) |
| 16:28 | Encolar | Villager (Male) |
| 16:48 | Construir | Market |
| 16:49 | Encolar | Villager (Male) |
| 17:00 | Construir | Mining Camp |
| 17:29 | Encolar | Villager (Male) |
| 17:50 | Construir | Palisade Wall |
| 17:51 | Construir | Palisade Wall |
| 17:52 | Construir | Palisade Wall |
| 18:19 | Encolar | Villager (Male) |
| 18:34 | Construir | Watch Tower |
| 18:48 | Encolar | Archer |
| 18:48 | Encolar | Archer |
| 19:05 | Encolar | Archer |
| 19:06 | Encolar | Archer |
| 19:22 | Encolar | Villager (Male) |
| 19:22 | Encolar | Villager (Male) |
| 19:25 | Encolar | Archer |
| 19:46 | Encolar | Archer |
| 19:47 | Encolar | Archer |
| 19:51 | Encolar | Villager (Male) |
| 19:56 | Construir | Mining Camp |
| 20:00 | Encolar | Archer |
| 20:23 | Encolar | Villager (Male) |
| 20:23 | Encolar | Villager (Male) |
| 20:24 | Encolar | Archer |
| 20:24 | Encolar | Archer |
| 20:43 | Encolar | Villager (Male) |
| 20:50 | Encolar | Archer |
| 21:06 | Encolar | Archer |
| 21:22 | Construir | House |
| 21:27 | Encolar | Villager (Male) |
| 21:27 | Encolar | Villager (Male) |
| 21:43 | Construir | Lumber Camp |
| 21:50 | Investigar | Fletching |
| 22:00 | Construir | House |
| 22:03 | Construir | House |
| 22:05 | Construir | House |
| 22:28 | Construir | House |
| 22:31 | Construir | House |
| 22:34 | Construir | House |
| 22:41 | Construir | House |
| 22:55 | Construir | Farm |
| 23:25 | Construir | Farm |
| 23:26 | Construir | Farm |
| 23:36 | Encolar | Archer |
| 23:36 | Encolar | Archer |
| 23:53 | Encolar | Archer |
| 23:53 | Encolar | Archer |
| 24:10 | Encolar | Villager (Male) |
| 24:10 | Encolar | Villager (Male) |
| 24:13 | Encolar | Archer |
| 24:13 | Encolar | Archer |
| 24:43 | Encolar | Archer |
| 24:43 | Encolar | Archer |
| 25:20 | Encolar | Villager (Male) |
| 25:20 | Encolar | Villager (Male) |
| 25:24 | Construir | Farm |
| 25:32 | Encolar | Archer |
| 25:33 | Encolar | Archer |
| 25:34 | Encolar | Archer |
| 25:34 | Encolar | Archer |
| 25:58 | Encolar | Villager (Male) |
| 25:58 | Encolar | Villager (Male) |
| 25:58 | Encolar | Villager (Male) |
| 26:00 | Construir | Farm |
| 26:02 | Encolar | Archer |
| 26:02 | Encolar | Archer |
| 26:18 | Encolar | Archer |
| 26:18 | Encolar | Archer |
| 26:42 | Encolar | Villager (Male) |
| 26:44 | Construir | Farm |
| 26:47 | Encolar | Archer |
Build order — Tupac_Amaru
Primeras 150 de 268 acciones detectadas
| 0:03 | Encolar | Villager (Male) |
| 0:03 | Encolar | Villager (Male) |
| 0:03 | Encolar | Villager (Male) |
| 0:05 | Construir | House |
| 0:11 | Construir | House |
| 0:16 | Encolar | Villager (Male) |
| 0:16 | Encolar | Villager (Male) |
| 0:16 | Encolar | Villager (Male) |
| 1:28 | Encolar | Villager (Male) |
| 1:28 | Encolar | Villager (Male) |
| 1:28 | Encolar | Villager (Male) |
| 1:29 | Encolar | Villager (Male) |
| 1:55 | Encolar | Villager (Male) |
| 1:55 | Encolar | Villager (Male) |
| 1:55 | Encolar | Villager (Male) |
| 2:05 | Construir | Lumber Camp |
| 2:25 | Encolar | Villager (Male) |
| 2:25 | Encolar | Villager (Male) |
| 2:25 | Encolar | Villager (Male) |
| 2:25 | Encolar | Villager (Male) |
| 2:26 | Encolar | Villager (Male) |
| 2:26 | Encolar | Villager (Male) |
| 2:41 | Encolar | Villager (Male) |
| 2:57 | Encolar | Villager (Male) |
| 2:57 | Encolar | Villager (Male) |
| 2:57 | Encolar | Villager (Male) |
| 3:31 | Encolar | Villager (Male) |
| 3:31 | Encolar | Villager (Male) |
| 3:31 | Encolar | Villager (Male) |
| 3:31 | Encolar | Villager (Male) |
| 3:37 | Construir | House |
| 3:51 | Encolar | Villager (Male) |
| 4:14 | Encolar | Villager (Male) |
| 4:44 | Encolar | Villager (Male) |
| 5:38 | Construir | Mining Camp |
| 5:40 | Encolar | Villager (Male) |
| 5:41 | Construir | Mining Camp |
| 5:50 | Investigar | Loom |
| 6:45 | Investigar | Feudal Age |
| 8:03 | Construir | Barracks |
| 8:06 | Construir | House |
| 8:22 | Encolar | Villager (Male) |
| 8:22 | Encolar | Villager (Male) |
| 8:52 | Encolar | Villager (Male) |
| 8:52 | Encolar | Villager (Male) |
| 8:55 | Edad | Edad Feudal |
| 9:04 | Construir | Archery Range |
| 9:21 | Construir | Archery Range |
| 9:31 | Construir | Palisade Gate |
| 9:49 | Construir | Archery Range |
| 9:51 | Encolar | Villager (Male) |
| 9:51 | Encolar | Villager (Male) |
| 10:07 | Construir | Blacksmith |
| 10:09 | Encolar | Archer |
| 10:13 | Encolar | Villager (Male) |
| 10:44 | Encolar | Archer |
| 10:49 | Construir | House |
| 11:14 | Encolar | Archer |
| 11:15 | Encolar | Archer |
| 11:18 | Investigar | Fletching |
| 11:29 | Construir | Palisade Wall |
| 11:36 | Construir | House |
| 11:45 | Encolar | Archer |
| 11:46 | Encolar | Archer |
| 12:13 | Encolar | Archer |
| 12:13 | Encolar | Archer |
| 12:17 | Encolar | Villager (Male) |
| 12:18 | Encolar | Villager (Male) |
| 12:29 | Construir | House |
| 12:57 | Encolar | Archer |
| 12:57 | Encolar | Archer |
| 13:29 | Encolar | Archer |
| 13:29 | Encolar | Archer |
| 13:30 | Encolar | Villager (Male) |
| 13:30 | Encolar | Villager (Male) |
| 13:52 | Construir | Mill |
| 13:53 | Encolar | Villager (Male) |
| 13:53 | Encolar | Villager (Male) |
| 13:53 | Encolar | Villager (Male) |
| 13:59 | Encolar | Archer |
| 13:59 | Encolar | Archer |
| 14:05 | Construir | House |
| 15:14 | Encolar | Villager (Male) |
| 15:14 | Encolar | Villager (Male) |
| 15:32 | Encolar | Villager (Male) |
| 15:32 | Encolar | Villager (Male) |
| 15:35 | Construir | Farm |
| 15:36 | Construir | Farm |
| 15:36 | Construir | Farm |
| 15:37 | Construir | Farm |
| 15:37 | Construir | Farm |
| 15:45 | Encolar | Archer |
| 15:45 | Encolar | Archer |
| 15:46 | Encolar | Villager (Male) |
| 15:47 | Encolar | Villager (Male) |
| 16:23 | Construir | House |
| 17:00 | Encolar | Villager (Male) |
| 17:01 | Encolar | Villager (Male) |
| 17:01 | Encolar | Villager (Male) |
| 17:01 | Encolar | Villager (Male) |
| 17:47 | Encolar | Archer |
| 17:48 | Encolar | Archer |
| 17:53 | Construir | House |
| 17:58 | Construir | Palisade Wall |
| 18:20 | Encolar | Villager (Male) |
| 18:20 | Encolar | Villager (Male) |
| 18:39 | Encolar | Archer |
| 18:39 | Encolar | Archer |
| 18:40 | Encolar | Villager (Male) |
| 18:40 | Encolar | Villager (Male) |
| 18:40 | Encolar | Villager (Male) |
| 19:17 | Investigar | Padded Archer Armor |
| 19:24 | Encolar | Villager (Male) |
| 19:24 | Encolar | Villager (Male) |
| 20:16 | Encolar | Villager (Male) |
| 20:17 | Encolar | Villager (Male) |
| 20:29 | Encolar | Villager (Male) |
| 20:29 | Encolar | Villager (Male) |
| 20:59 | Encolar | Archer |
| 20:59 | Encolar | Archer |
| 21:07 | Construir | Market |
| 21:30 | Construir | Farm |
| 21:31 | Construir | Farm |
| 21:35 | Construir | Farm |
| 21:37 | Construir | Farm |
| 21:38 | Encolar | Villager (Male) |
| 21:39 | Encolar | Villager (Male) |
| 21:49 | Encolar | Archer |
| 21:49 | Encolar | Archer |
| 22:25 | Construir | Palisade Wall |
| 22:28 | Construir | House |
| 22:56 | Construir | House |
| 23:02 | Construir | House |
| 23:06 | Encolar | Archer |
| 23:06 | Encolar | Archer |
| 23:41 | Encolar | Archer |
| 23:41 | Encolar | Archer |
| 23:51 | Construir | Palisade Wall |
| 24:19 | Encolar | Villager (Male) |
| 24:19 | Encolar | Villager (Male) |
| 24:31 | Construir | Lumber Camp |
| 24:41 | Encolar | Archer |
| 24:41 | Encolar | Archer |
| 25:04 | Construir | House |
| 25:28 | Construir | Farm |
| 25:28 | Construir | Farm |
| 25:53 | Construir | Farm |
| 25:53 | Construir | Farm |
| 25:56 | Construir | Farm |
| 25:56 | Construir | Farm |
Build order — sgt peppers s
Primeras 150 de 281 acciones detectadas
| 0:04 | Construir | House |
| 0:06 | Construir | House |
| 0:11 | Encolar | Villager (Male) |
| 0:12 | Encolar | Villager (Male) |
| 0:12 | Encolar | Villager (Male) |
| 0:12 | Encolar | Villager (Male) |
| 1:34 | Encolar | Villager (Male) |
| 1:34 | Encolar | Villager (Male) |
| 1:40 | Construir | Lumber Camp |
| 1:58 | Encolar | Villager (Male) |
| 1:58 | Encolar | Villager (Male) |
| 2:15 | Encolar | Villager (Male) |
| 2:15 | Encolar | Villager (Male) |
| 2:42 | Encolar | Villager (Male) |
| 2:43 | Encolar | Villager (Male) |
| 2:49 | Construir | House |
| 2:50 | Construir | House |
| 3:19 | Encolar | Villager (Male) |
| 3:19 | Encolar | Villager (Male) |
| 3:46 | Encolar | Villager (Male) |
| 3:46 | Encolar | Villager (Male) |
| 3:46 | Encolar | Villager (Male) |
| 4:15 | Encolar | Villager (Male) |
| 4:16 | Encolar | Villager (Male) |
| 4:29 | Encolar | Villager (Male) |
| 4:29 | Encolar | Villager (Male) |
| 4:29 | Encolar | Villager (Male) |
| 5:14 | Encolar | Villager (Male) |
| 5:14 | Encolar | Villager (Male) |
| 5:15 | Encolar | Villager (Male) |
| 5:21 | Construir | Mining Camp |
| 5:40 | Encolar | Villager (Male) |
| 5:40 | Encolar | Villager (Male) |
| 6:30 | Investigar | Loom |
| 7:11 | Investigar | Feudal Age |
| 7:11 | Investigar | Feudal Age |
| 7:42 | Construir | Barracks |
| 8:48 | Encolar | Villager (Male) |
| 8:48 | Encolar | Villager (Male) |
| 8:52 | Construir | House |
| 9:21 | Edad | Edad Feudal |
| 9:23 | Construir | Archery Range |
| 9:25 | Construir | Archery Range |
| 9:27 | Encolar | Villager (Male) |
| 10:02 | Encolar | Villager (Male) |
| 10:19 | Construir | Blacksmith |
| 10:26 | Encolar | Archer |
| 10:29 | Encolar | Villager (Male) |
| 10:42 | Encolar | Archer |
| 10:42 | Encolar | Archer |
| 10:42 | Encolar | Archer |
| 10:58 | Encolar | Archer |
| 11:00 | Encolar | Villager (Male) |
| 11:19 | Investigar | Fletching |
| 11:22 | Encolar | Villager (Male) |
| 11:38 | Investigar | Padded Archer Armor |
| 11:39 | Encolar | Archer |
| 11:40 | Encolar | Archer |
| 11:48 | Construir | Palisade Wall |
| 11:56 | Encolar | Villager (Male) |
| 12:06 | Construir | Mill |
| 12:11 | Encolar | Archer |
| 12:11 | Encolar | Archer |
| 12:17 | Construir | House |
| 12:30 | Encolar | Archer |
| 12:30 | Encolar | Archer |
| 12:30 | Encolar | Archer |
| 12:40 | Construir | Palisade Wall |
| 12:46 | Construir | House |
| 12:49 | Construir | House |
| 12:50 | Construir | House |
| 12:58 | Encolar | Archer |
| 12:59 | Encolar | Archer |
| 12:59 | Encolar | Archer |
| 12:59 | Encolar | Archer |
| 13:05 | Construir | Palisade Gate |
| 13:29 | Construir | Palisade Wall |
| 13:39 | Encolar | Archer |
| 13:39 | Encolar | Archer |
| 13:39 | Encolar | Archer |
| 14:05 | Encolar | Archer |
| 14:05 | Encolar | Archer |
| 14:05 | Encolar | Archer |
| 14:56 | Encolar | Archer |
| 14:56 | Encolar | Archer |
| 14:57 | Encolar | Archer |
| 14:57 | Encolar | Archer |
| 15:37 | Encolar | Villager (Male) |
| 15:38 | Encolar | Villager (Male) |
| 15:38 | Encolar | Villager (Male) |
| 16:10 | Construir | Lumber Camp |
| 16:20 | Encolar | Villager (Male) |
| 16:21 | Encolar | Villager (Male) |
| 16:33 | Encolar | Archer |
| 16:33 | Encolar | Archer |
| 16:59 | Encolar | Archer |
| 16:59 | Encolar | Archer |
| 16:59 | Encolar | Archer |
| 17:00 | Encolar | Archer |
| 17:00 | Encolar | Archer |
| 17:15 | Construir | House |
| 17:18 | Construir | House |
| 17:30 | Encolar | Archer |
| 17:30 | Encolar | Archer |
| 17:30 | Encolar | Archer |
| 17:31 | Encolar | Archer |
| 18:02 | Construir | Palisade Wall |
| 18:07 | Encolar | Archer |
| 18:07 | Encolar | Archer |
| 18:07 | Encolar | Archer |
| 18:08 | Encolar | Archer |
| 18:08 | Encolar | Archer |
| 18:09 | Encolar | Villager (Male) |
| 18:30 | Encolar | Villager (Male) |
| 19:05 | Construir | Watch Tower |
| 19:12 | Encolar | Archer |
| 19:13 | Encolar | Archer |
| 19:13 | Encolar | Archer |
| 19:13 | Encolar | Archer |
| 19:13 | Encolar | Archer |
| 20:09 | Encolar | Archer |
| 20:09 | Encolar | Archer |
| 20:10 | Encolar | Archer |
| 20:17 | Construir | Farm |
| 20:17 | Construir | Farm |
| 20:42 | Encolar | Archer |
| 20:42 | Encolar | Archer |
| 20:42 | Encolar | Archer |
| 20:43 | Encolar | Villager (Male) |
| 21:43 | Construir | Palisade Wall |
| 21:49 | Construir | Palisade Gate |
| 21:58 | Encolar | Archer |
| 21:59 | Encolar | Archer |
| 21:59 | Encolar | Archer |
| 22:00 | Encolar | Villager (Male) |
| 22:07 | Construir | Farm |
| 22:08 | Construir | Farm |
| 22:35 | Encolar | Villager (Male) |
| 22:35 | Encolar | Villager (Male) |
| 22:39 | Construir | House |
| 22:40 | Construir | House |
| 22:49 | Construir | Farm |
| 22:50 | Construir | Farm |
| 24:44 | Construir | Farm |
| 24:59 | Construir | Farm |
| 25:07 | Construir | Market |
| 25:47 | Construir | Mining Camp |
| 26:35 | Construir | Farm |
| 26:36 | Construir | Farm |
| 27:03 | Investigar | Castle Age |
Cronología de la partida
| 4:02 | XERSVIRUS · wall_segment Palisade Wall x1 |
| 4:07 | XERSVIRUS · wall_segment Palisade Wall x5 |
| 4:09 | XERSVIRUS · wall_segment Palisade Wall x4 |
| 7:13 | HIX | Mark Anthony · first_building Barracks |
| 7:15 | AlDebaran · first_building Barracks |
| 7:36 | [SotC] Frank Castle · first_building Barracks |
| 7:40 | HIX | COLPO DI CANNONE · first_building Barracks |
| 7:42 | sgt peppers s · first_building Barracks |
| 7:42 | MA · first_building Barracks |
| 8:03 | Tupac_Amaru · first_building Barracks |
| 8:11 | [SotC] Frank Castle · wall_segment Palisade Wall x1 |
| 8:15 | AlDebaran · wall_segment Palisade Wall x1 |
| 8:32 | [SotC] Frank Castle · wall_segment Palisade Wall x1 |
| 8:43 | XERSVIRUS · wall_segment Palisade Wall x10 |
| 8:55 | Tupac_Amaru · age_up feudal |
| 9:04 | Tupac_Amaru · first_building Archery Range |
| 9:05 | [SotC] Frank Castle · age_up feudal |
| 9:12 | [SotC] Frank Castle · first_building Archery Range |
| 9:12 | HIX | COLPO DI CANNONE · age_up feudal |
| 9:15 | HIX | COLPO DI CANNONE · first_building Stable |
| 9:17 | HIX | Mark Anthony · age_up feudal |
| 9:18 | MA · age_up feudal |
| 9:20 | MA · first_building Stable |
| 9:21 | sgt peppers s · age_up feudal |
| 9:23 | AlDebaran · wall_segment Palisade Wall x1 |
| 9:23 | sgt peppers s · first_building Archery Range |
| 9:25 | AlDebaran · wall_segment Palisade Wall x1 |
| 9:27 | AlDebaran · wall_segment Palisade Wall x1 |
| 9:27 | HIX | Mark Anthony · first_building Stable |
| 9:28 | AlDebaran · wall_segment Palisade Wall x1 |
| 9:29 | [SotC] Frank Castle · wall_segment Palisade Wall x1 |
| 9:37 | AlDebaran · age_up feudal |
| 9:43 | HIX | COLPO DI CANNONE · wall_segment Palisade Wall x8 |
| 9:46 | XERSVIRUS · first_building Barracks |
| 9:53 | AlDebaran · first_building Archery Range |
| 10:33 | XERSVIRUS · age_up feudal |
| 10:40 | XERSVIRUS · first_building Stable |
| 10:41 | [SotC] Frank Castle · wall_segment Palisade Wall x8 |
| 10:42 | MA · wall_segment Palisade Wall x13 |
| 11:24 | MA · wall_segment Palisade Wall x11 |
| 11:29 | Tupac_Amaru · wall_segment Palisade Wall x1 |
| 11:48 | sgt peppers s · wall_segment Palisade Wall x11 |
| 12:20 | MA · wall_segment Palisade Wall x7 |
| 12:21 | XERSVIRUS · wall_segment Palisade Wall x4 |
| 12:33 | AlDebaran · wall_segment Palisade Wall x13 |
| 12:39 | HIX | COLPO DI CANNONE · wall_segment Palisade Wall x7 |
| 12:40 | sgt peppers s · wall_segment Palisade Wall x13 |
| 13:29 | sgt peppers s · wall_segment Palisade Wall x11 |
| 13:59 | XERSVIRUS · wall_segment Palisade Wall x11 |
| 14:01 | XERSVIRUS · wall_segment Palisade Wall x9 |
| 14:14 | MA · wall_segment Palisade Wall x18 |
| 14:27 | HIX | Mark Anthony · wall_segment Palisade Wall x1 |
| 14:27 | HIX | Mark Anthony · wall_segment Palisade Wall x1 |
| 16:00 | XERSVIRUS · wall_segment Palisade Wall x7 |
| 16:02 | XERSVIRUS · wall_segment Palisade Wall x5 |
| 16:51 | HIX | COLPO DI CANNONE · wall_segment Palisade Wall x6 |
| 16:53 | HIX | COLPO DI CANNONE · wall_segment Palisade Wall x1 |
| 17:22 | HIX | COLPO DI CANNONE · wall_segment Palisade Wall x3 |
| 17:50 | AlDebaran · wall_segment Palisade Wall x1 |
| 17:51 | AlDebaran · wall_segment Palisade Wall x1 |
| 17:52 | AlDebaran · wall_segment Palisade Wall x1 |
| 17:58 | Tupac_Amaru · wall_segment Palisade Wall x1 |
| 18:00 | HIX | COLPO DI CANNONE · wall_segment Palisade Wall x1 |
| 18:02 | sgt peppers s · wall_segment Palisade Wall x11 |
| 18:07 | HIX | COLPO DI CANNONE · wall_segment Palisade Wall x18 |
| 18:10 | HIX | COLPO DI CANNONE · wall_segment Palisade Wall x4 |
| 18:11 | HIX | COLPO DI CANNONE · wall_segment Palisade Wall x5 |
| 18:11 | [SotC] Frank Castle · wall_segment Palisade Wall x6 |
| 18:25 | AlDebaran · first_market_sell 100 wood |
| 18:26 | AlDebaran · first_market_buy 100 stone |
| 20:59 | [SotC] Frank Castle · wall_segment Palisade Wall x1 |
| 21:00 | [SotC] Frank Castle · wall_segment Palisade Wall x1 |
| 21:00 | [SotC] Frank Castle · wall_segment Palisade Wall x2 |
| 21:00 | [SotC] Frank Castle · wall_segment Palisade Wall x1 |
| 21:06 | HIX | Mark Anthony · wall_segment Palisade Wall x1 |
| 21:21 | HIX | COLPO DI CANNONE · first_market_sell 100 wood |
| 21:22 | HIX | COLPO DI CANNONE · first_market_buy 100 food |
| 21:43 | sgt peppers s · wall_segment Palisade Wall x12 |
| 22:25 | Tupac_Amaru · wall_segment Palisade Wall x4 |
| 23:16 | MA · age_up castle |
| 23:39 | [SotC] Frank Castle · age_up castle |
| 23:51 | Tupac_Amaru · wall_segment Palisade Wall x1 |
| 23:57 | HIX | COLPO DI CANNONE · wall_segment Palisade Wall x1 |
| 24:11 | HIX | Mark Anthony · first_market_buy 100 food |
| 24:26 | HIX | COLPO DI CANNONE · age_up castle |
| 25:50 | XERSVIRUS · age_up castle |
| 26:12 | Tupac_Amaru · wall_segment Palisade Wall x4 |
| 26:49 | sgt peppers s · first_market_buy 100 food |
| 26:52 | sgt peppers s · first_market_sell 100 wood |
| 26:53 | Tupac_Amaru · first_market_sell 100 wood |
| 27:45 | HIX | Mark Anthony · age_up castle |
| 28:36 | XERSVIRUS · first_building Siege Workshop |
| 28:59 | sgt peppers s · wall_segment Stone Wall x8 |
| 29:03 | sgt peppers s · wall_segment Stone Wall x10 |
| 29:33 | HIX | COLPO DI CANNONE · wall_segment Palisade Wall x3 |
| 29:34 | Tupac_Amaru · wall_segment Palisade Wall x6 |
| 29:37 | HIX | COLPO DI CANNONE · wall_segment Palisade Wall x5 |
| 29:43 | sgt peppers s · age_up castle |
| 30:42 | Tupac_Amaru · wall_segment Palisade Wall x5 |
| 30:45 | Tupac_Amaru · age_up castle |
| 31:30 | Tupac_Amaru · wall_segment Palisade Wall x8 |
| 31:50 | Tupac_Amaru · first_building Siege Workshop |
| 32:06 | XERSVIRUS · first_building Monastery |
| 32:41 | [SotC] Frank Castle · first_market_buy 500 stone |
| 33:12 | [SotC] Frank Castle · first_building Castle |
| 33:40 | [SotC] Frank Castle · wall_segment Palisade Wall x1 |
| 34:20 | MA · first_building Monastery |
| 34:37 | Tupac_Amaru · wall_segment Palisade Wall x1 |
| 34:58 | Tupac_Amaru · wall_segment Palisade Wall x1 |
| 35:39 | MA · first_building Siege Workshop |
| 35:44 | XERSVIRUS · first_market_sell 100 food |
| 36:37 | MA · first_market_sell 500 stone |
| 36:44 | HIX | COLPO DI CANNONE · first_building Monastery |
| 37:47 | MA · first_market_buy 100 food |
| 38:05 | sgt peppers s · first_building Castle |
| 38:30 | Tupac_Amaru · wall_segment Palisade Wall x1 |
| 40:57 | MA · first_building Castle |
| 41:27 | HIX | Mark Anthony · first_market_sell 100 wood |
| 41:45 | MA · age_up imperial |
| 41:48 | XERSVIRUS · first_building Castle |
| 42:39 | HIX | COLPO DI CANNONE · first_building Castle |
| 42:47 | HIX | COLPO DI CANNONE · age_up imperial |
| 43:31 | Tupac_Amaru · first_market_buy 100 wood |
| 43:35 | HIX | Mark Anthony · first_building Monastery |
| 43:58 | sgt peppers s · resign |
| 44:42 | HIX | Mark Anthony · first_building Castle |
| 45:55 | XERSVIRUS · age_up imperial |
| 47:32 | HIX | Mark Anthony · age_up imperial |
| 47:37 | [SotC] Frank Castle · first_market_sell 500 food |
| 48:01 | [SotC] Frank Castle · age_up imperial |
[ ANÁLISIS IA · 1 CRÉDITO ]
¿Qué pasó realmente en esta partida?
Wolo.gg analiza cada decisión: build order, eco, micro, errores típicos por bracket. Análisis personalizado por WhatsApp o Discord en 30 segundos.
Guía civ
Tártaros
Perfil
Jugador #4610773